 Dungeon Crawl Stone Soup version 0.30.0-13-g156ef70053 (webtiles) character file.

Game seed: 838282585746102731

0 SnakkuSnakku7 the Firebug (level 1, -1/13 HPs)
             Began as a Demonspawn Fire Elementalist on May 17, 2023.
             Slain by a kobold
             ... wielding a +0 dagger
              (3 damage)
             ... on level 1 of the Dungeon.
             The game lasted 00:00:16 (29 turns).

SnakkuSnakku7 the Firebug (DsFE)                      Turns: 29, Time: 00:00:17

Health: -1/13      AC:  2    Str:  8    XL:     1   Next: 0%
Magic:  0/3        EV: 12    Int: 16    God:
Gold:   0          SH:  0    Dex: 13    Spells: 3/4 levels left

rFire   . . .        (no weapon)
rCold   . . .        (no shield)
rNeg    . . .        a - +0 robe
rPois   .            (no helmet)
rElec   .            (no cloak)
rCorr   .            (no gloves)
SInv    .            (no boots)
Will    .....        (no amulet)
Stlth   ++           (no ring)
HPRegen 0.22/turn    (no ring)
MPRegen 0.08/turn

%: no passive effects
@: no status effects
A: no striking features
a: no special abilities


You were on level 1 of the Dungeon.
You visited 1 branch of the dungeon, and saw 1 of its levels.

Inventory:

Armour
 a - a +0 robe (worn)
Scrolls
 c - a scroll of torment {unknown}
Potions
 b - a potion of magic


   Skills:
 - Level 1.7 Dodging
 - Level 1.7 Stealth
 - Level 2.0 Spellcasting
 + Level 1.0 Conjurations
 + Level 2.6 Fire Magic


You had 3 spell levels left.
You knew the following spells:

 Your Spells              Type           Power      Damage    Failure   Level
a - Foxfire               Conj/Fire      28%        2x1d5     10%         1

Your spell library contained the following spells:

 Spells                   Type           Power      Damage    Failure   Level
 Scorch                   Fire           20%        2d5       11%         2
 Inner Flame              Hex/Fire       5%         N/A       34%         3
 Volatile Blastmotes      Fire/Tloc      10%        2d10      34%         3
 Flame Wave               Conj/Fire      7%         2d5       67%         4


Dungeon Overview and Level Annotations

Branches:
Dungeon (1/15)

Altars:


Message History

The bat moves out of view.
You are out of magic!
The foxfire hits the dart slug.
The dart slug is severely wounded.
The kobold closely misses you. The kobold closely misses you.
You conjure some foxfire!
A frilled lizard comes into view.
The kobold hits you with a +0 dagger.
Your foxfire dissipates!
The kobold hits you but does no damage.
Unknown command.
The dart slug launches a dart at you. The slug dart hits you.
The kobold attacks as you move away! The kobold hits you with a +0 dagger.
The bat completely misses you. The kobold attacks as you move away!
The kobold hits you with a +0 dagger. The bat closely misses you.
The bat closely misses you.
You hit the bat.
The bat is moderately wounded.
The bat hits you but does no damage. The bat barely misses you.
The dart slug launches a dart at you. The slug dart hits you.
The kobold closely misses you. The kobold attacks as you move away!
The kobold hits you with a +0 dagger.
* * * LOW HITPOINT WARNING * * *
The bat hits you but does no damage. The dart slug launches a dart at you.
The slug dart hits you.
* * * LOW HITPOINT WARNING * * *
The bat closely misses you. The kobold attacks as you move away!
The kobold barely misses you. The bat closely misses you.
You are too injured to fight recklessly!
Unknown command.
Casting: Foxfire (safe; 10% risk of failure)
Confirm with . or Enter, or press ? or * to list all spells.
You conjure some foxfire!
The bat closely misses you. The kobold hits you with a +0 dagger.
You die...

........≈≈≈≈≈~≈≈≈≈≈≈##
.......≈≈≈≈≈≈~≈≈≈≈≈≈≈#
........≈≈≈8≈≈~≈≈≈≈≈8≈≈≈
........≈≈≈≈≈~≈≈≈≈≈≈≈≈≈≈
........≈≈≈≈≈~≈≈≈...≈≈≈≈
........≈≈≈≈≈~≈≈.≈≈≈.≈≈.
.....w≈≈≈≈≈≈~>.≈≈≈≈..≈
..b#≈w.≈≈b≈v<~≈≈≈≈≈≈
#.#.≈≈.≈l≈@≈≈~≈≈≈≈≈
#..≈≈≈≈..Kv≈≈~≈≈≈≈≈
###≈≈≈≈≈≈≈≈≈≈~≈≈≈≈≈
#≈≈≈8≈≈≈≈≈~≈≈8≈≈≈
##≈≈≈≈≈≈≈~≈≈≈≈≈≈#
##≈≈≈≈≈≈~≈≈≈≈≈##
##≈≈≈≈≈≈~≈≈≈..
########.?..# ####


You could see a dart slug, a bat (ally target), a kobold and a frilled lizard.

Vanquished Creatures (others)
  5 foxfires (D:1)
5 creatures vanquished.

Notes
Turn   | Place    | Note
-------+----------+-------------------------------------------
     0 | D:1      | SnakkuSnakku7 the Demonspawn Fire Elementalist began the
                  | quest for the Orb.
     0 | D:1      | Reached XP level 1. HP: 13/13 MP: 3/3
    29 | D:1      | Slain by a kobold

Illustrated notes

Levels and vault maps discovered:
D:1:      nzn_arrival_water_spiral, layout_rooms,
          hellmonk_ecumenical_altar_dog_temple, minmay_tripent

Action                     || total
---------------------------++-------
  Melee: Unarmed           ||     1
   Cast: Foxfire           ||     5
 Armour: Robe              ||     3
  Dodge: Dodged            ||    12
